WCHLSIM.com - West Coast Hockey League
html PUBLIC "-//W3C//DTD XHTML 1.0 Transitional//EN" "http://www.w3.org/TR/xhtml1/DTD/xhtml1-transitional.dtd"> WCHL - Game 606 - COLORADO GLACIERCATS vs WINNIPEG BEAVERS

COLORADO GLACIERCATS vs WINNIPEG BEAVERS

Created - 9 janvier 2020 at 17:37

Goals
1 2 3 OT1 T
COLORADO GLACIERCATS 1 0 1 0 2
WINNIPEG BEAVERS 1 1 0 1 3
Shots
1 2 3 OT1 T
COLORADO GLACIERCATS 5 13 9 1 28
WINNIPEG BEAVERS 6 6 7 2 21

1st period

1. COLORADO GLACIERCATS , John Klingberg 1 (Paul Byron 6, Shea Weber 16) at 7:25
2. WINNIPEG BEAVERS , Mika Zibanejad 21 (Reyley Smith 29) at 12:20

Penalties :
Kris Russell (WIN) for Tripping (Minor) at 9:56

2nd period

3. WINNIPEG BEAVERS , David Krejci 22 (Brad Marchand 32, Reyley Smith 30) at 2:10 (PP)

Penalties :
Mark Giordano (COL) for Interference (Minor) at 1:00, Mika Zibanejad (WIN) for Slashing (Minor) at 3:48

3rd period

4. COLORADO GLACIERCATS , Joe Pavelski 22 (Patrice Bergeron 20, Magnus Paajarvi-Svensson 9) at 19:33

Penalties :
No Penalty

Overtime #1

5. WINNIPEG BEAVERS , Brad Marchand 26 (David Krejci 33, Mike Green 4) at 2:36

Penalties :
No Penalty

Goalie Stats

Pekka Rinne (COL), 18 saves from 21 shots - (0,857), OTL, 30-7-3, 61:54 minutes
Sergei Bobrovsky (WIN), 26 saves from 28 shots - (0,929), W, 22-10-1, 62:37 minutes

Players Stats for COLORADO GLACIERCATS

Player Name              G  A  P  +/- PIM S  H  SB GA TA FO     MP     PP MP  PK MP  
------------------------------------------------------------------------------------
Ben Lovejoy              0  0  0  -1  0   2  1  0  0  0  0/0    14:02   0:00   0:30 
Brayden Schenn           0  0  0  -1  0   6  0  0  0  0  0/1    19:40   2:05   0:00 
Carl Hagelin             0  0  0   0  0   0  1  0  0  0  0/1    18:10   0:00   0:30 
Daniel Girardi           0  0  0  -1  0   0  0  1  0  0  0/0    15:03   0:51   0:40 
Ilya Lyubushkin          0  0  0  -1  0   0  0  0  0  0  0/1     7:18   0:00   0:00 
Jay Beagle               0  0  0  -1  0   1  0  0  0  0  5/8     7:18   0:00   0:00 
Joe Pavelski             1  0  1   1  0   4  1  0  0  0  2/2    22:24   2:05   0:40 
John Klingberg           1  0  1   2  0   2  1  1  0  0  0/0    24:09   2:49   0:00 
Jordan Staal             0  0  0  -1  0   4  2  0  0  0  9/17   19:15   1:53   0:00 
Lucas Wallmark           0  0  0   1  0   0  2  0  0  0  10/18  13:27   0:00   0:30 
Magnus Paajarvi-Svensson 0  1  1   0  0   1  0  0  0  0  0/0     8:07   0:24   0:00 
Mark Giordano            0  0  0   0  2   1  0  0  0  0  0/0    23:44   1:58   0:00 
Patrice Bergeron         0  1  1   1  0   4  1  0  0  0  13/21  21:57   2:05   0:00 
Paul Byron               0  1  1   1  0   0  3  0  0  0  0/1    14:26   1:29   0:00 
Ryan Ellis               0  0  0  -1  0   0  1  2  0  0  0/0    22:29   1:09   0:30 
Shea Weber               0  1  1   2  0   1  1  2  0  0  0/0    23:09   1:09   0:40 
Zach Aston-Reese         0  0  0   0  0   1  3  0  0  0  0/1    19:05   1:53   0:40 
Zachary Sanford          0  0  0   1  0   1  1  0  0  0  0/0    12:57   0:00   0:00 

Players Stats for WINNIPEG BEAVERS

Player Name              G  A  P  +/- PIM S  H  SB GA TA FO     MP     PP MP  PK MP  
------------------------------------------------------------------------------------
Brad Marchand            1  1  2   0  0   2  2  0  0  0  0/3    20:49   0:50   0:05 
Brandon Tanev            0  0  0   0  0   2  3  0  0  0  0/1    17:29   0:20   2:09 
David Backes             0  0  0   0  0   2  1  0  0  0  1/1    15:36   0:00   1:44 
David Krejci             1  1  2   0  0   2  1  1  0  0  10/22  20:44   0:50   0:00 
Gustav Nyquist           0  0  0  -1  0   2  0  0  0  0  0/2    18:45   0:20   0:00 
Ilya Kovalchuk           0  0  0   0  0   0  0  0  0  0  1/1    18:31   0:50   0:00 
Justin Braun             0  0  0  -1  0   0  0  1  0  0  0/0    21:25   0:00   2:04 
Kevan Miller             0  0  0   0  0   0  0  0  0  0  0/0    15:30   0:20   0:05 
Kris Russell             0  0  0   0  2   0  1  2  0  0  0/0    20:29   0:20   1:12 
Matt Cullen              0  0  0   0  0   0  0  1  0  0  2/3     6:38   0:00   1:44 
Mika Zibanejad           1  0  1   0  2   3  1  0  0  0  10/17  18:00   0:20   0:00 
Mike Green               0  1  1   0  0   0  0  0  0  0  0/0    22:49   0:50   0:37 
Nick Seeler              0  0  0   0  0   0  2  1  0  0  0/0    19:35   0:00   1:54 
Pontus Aberg             0  0  0   0  0   1  0  0  0  0  0/1     4:54   0:00   0:00 
Reyley Smith             0  2  2   0  0   4  1  0  0  0  0/2    19:39   0:50   0:00 
Travis Zajac             0  0  0   0  0   3  0  0  0  0  8/18   16:06   0:00   2:14 
Trevor Daley             0  0  0   0  0   0  0  1  0  0  0/0    21:58   0:00   2:04 
Troy Brouwer             0  0  0   0  0   0  0  1  0  0  0/0     4:54   0:00   0:00 

3 Stars

1 - Brad Marchand (WIN)
2 - David Krejci (WIN)
3 - John Klingberg (COL)

Power Play

COLORADO GLACIERCATS - 0 on 2 Attempt(s) - 0,00%
WINNIPEG BEAVERS - 1 on 1 Attempt(s) - 100,00%

Penalty Kill

COLORADO GLACIERCATS - 0 on 1 Attempt(s) - 0,00% - Score 0 goal in Penalty Kill
WINNIPEG BEAVERS - 2 on 2 Attempt(s) - 100,00% - Score 0 goal in Penalty Kill

Team Stat

COLORADO GLACIERCATS - Hits : 18 - Faceoff Wins : 39 - Blocked Shots : 6 - Penalty Minutes : 2
WINNIPEG BEAVERS - Hits : 12 - Faceoff Wins : 32 - Blocked Shots : 8 - Penalty Minutes : 4

Official

Referees : Marc Joannette and Ghislain Hebert
Linesman : Dan Panciocco and Matt Jolliff

Game Notes

No Game Note

Finance

Level 1 -- Attendance: 6000 (100,00%) -- Ticket Income 744 000 $
Level 2 -- Attendance: 5000 (100,00%) -- Ticket Income 435 000 $
Level 3 -- Attendance: 2000 (100,00%) -- Ticket Income 128 000 $
Level 4 -- Attendance: 3972 (99,30%) -- Ticket Income 170 796 $
Luxury Box -- Attendance: 1000 (100,00%) -- Ticket Income 255 000 $
Total Attendance: 17972 (99,84%)
Total Ticket Income: 1 732 796 $
Other Income: 519 839 $
Total Income: 2 252 635 $

COLORADO GLACIERCATS

5 vs 5 Forward 
   Center                   Left Wing                Right Wing               Time % Phy DF OF 
 1 Patrice Bergeron         Carl Hagelin             Joe Pavelski             35     1   2  2  
 2 Jordan Staal             Zach Aston-Reese         Brayden Schenn           35     1   2  2  
 3 Lucas Wallmark           Zachary Sanford          Paul Byron               25     1   2  2  
 4 Jay Beagle               Magnus Paajarvi-Svensson Ilya Lyubushkin          5      1   2  2  

5 vs 5 Defense 
   Defense                  Defense                                           Time % Phy DF OF 
 1 Shea Weber               John Klingberg                                    40     1   2  2  
 2 Ryan Ellis               Mark Giordano                                     38     1   2  2  
 3 Ben Lovejoy              Daniel Girardi                                    22     1   2  2  
 4 John Klingberg           Shea Weber                                        0      1   2  2  

PowerPlay Forward 
   Center                   Left Wing                Right Wing               Time % Phy DF OF 
 1 Patrice Bergeron         Brayden Schenn           Joe Pavelski             60     0   1  4  
 2 Jordan Staal             Paul Byron               Zach Aston-Reese         40     1   1  3  

PowerPlay Defense
   Defense                  Defense                                           Time % Phy DF OF 
 1 Mark Giordano            John Klingberg                                    55     0   1  4  
 2 Shea Weber               Ryan Ellis                                        45     0   0  5  

Penalty Kill 4 Players Forward 
   Center                   Wing                     Time % Phy DF OF 
 1 Lucas Wallmark           Carl Hagelin             50     0   4  1  
 2 Joe Pavelski             Zach Aston-Reese         50     0   4  1  

Penalty Kill 4 Players Defense
   Defense                  Defense                  Time % Phy DF OF 
 1 Mark Giordano            Shea Weber               55     1   4  0  
 2 Ben Lovejoy              Ryan Ellis               45     1   4  0  

Penalty Kill - 3 Players Forward 
   Forward                                           Time % Phy DF OF 
 1 Brayden Schenn                                    55     0   5  0  
 2 Joe Pavelski                                      45     0   5  0  

Penalty Kill - 3 Players Defense
   Defense                  Defense                  Time % Phy DF OF 
 1 Mark Giordano            Shea Weber               50     0   5  0  
 2 Ryan Ellis               Ben Lovejoy              50     0   5  0  

4 vs 4 Forward 
   Center                   Wing                     Time % Phy DF OF 
 1 Joe Pavelski             Carl Hagelin             50     0   1  4  
 2 Brayden Schenn           Paul Byron               50     0   1  4  

4 vs 4 Defense
   Defense                  Defense                  Time % Phy DF OF 
 1 Shea Weber               Mark Giordano            50     0   3  2  
 2 John Klingberg           Ryan Ellis               50     0   3  2  

Last Minutes Offensive
   Center                   Left Wing                Right Wing               Defense                  Defense                  
   Patrice Bergeron         Brayden Schenn           Joe Pavelski             John Klingberg           Mark Giordano            

Last Minutes Defensive
   Center                   Left Wing                Right Wing               Defense                  Defense                  
   Jordan Staal             Carl Hagelin             Joe Pavelski             Shea Weber               Mark Giordano            

Goaltenders
Starting : Pekka Rinne              
Backup : David Rittich            

Extra Forwards
Normal : Joe Pavelski, Patrice Bergeron, Brayden Schenn - PP : Joe Pavelski, Brayden Schenn - PK : Paul Byron
Extra Defensemen
Normal : Mark Giordano, Shea Weber, Ryan Ellis - PP : John Klingberg - PK : Daniel Girardi, John Klingberg
Penalty Shots
Joe Pavelski, Patrice Bergeron, Brayden Schenn, Paul Byron, Jordan Staal
Custom OT Lines Forwards
Joe Pavelski, Patrice Bergeron, Brayden Schenn, Jordan Staal, Lucas Wallmark, Carl Hagelin, Paul Byron, Zach Aston-Reese, Jay Beagle, Zachary Sanford
Custom OT Lines Defensemen
Mark Giordano, Ryan Ellis, Shea Weber, John Klingberg, Ben Lovejoy

Scratches
Artemi Panarin (Torn Right Knee Ligaments Injury), Tom Pyatt (Bruised Left Shoulder Injury)

WINNIPEG BEAVERS

5 vs 5 Forward 
   Center                   Left Wing                Right Wing               Time % Phy DF OF 
 1 David Krejci             Brad Marchand            Gustav Nyquist           33     0   3  2  
 2 Mika Zibanejad           Ilya Kovalchuk           Reyley Smith             31     0   3  2  
 3 Travis Zajac             Brandon Tanev            David Backes             26     1   3  1  
 4 Matt Cullen              Troy Brouwer             Pontus Aberg             10     0   4  1  

5 vs 5 Defense 
   Defense                  Defense                                           Time % Phy DF OF 
 1 Mike Green               Kris Russell                                      32     0   3  2  
 2 Justin Braun             Trevor Daley                                      31     1   3  1  
 3 Kevan Miller             Nick Seeler                                       28     1   3  1  
 4 Mike Green               Nick Seeler                                       9      1   4  0  

PowerPlay Forward 
   Center                   Left Wing                Right Wing               Time % Phy DF OF 
 1 David Krejci             Brad Marchand            Reyley Smith             51     0   0  5  
 2 Mika Zibanejad           Brandon Tanev            Gustav Nyquist           49     0   1  4  

PowerPlay Defense
   Defense                  Defense                                           Time % Phy DF OF 
 1 Mike Green               Ilya Kovalchuk                                    51     0   0  5  
 2 Kevan Miller             Kris Russell                                      49     0   1  4  

Penalty Kill 4 Players Forward 
   Center                   Wing                     Time % Phy DF OF 
 1 Travis Zajac             Brandon Tanev            52     1   3  1  
 2 David Backes             Matt Cullen              48     0   5  0  

Penalty Kill 4 Players Defense
   Defense                  Defense                  Time % Phy DF OF 
 1 Trevor Daley             Kris Russell             50     1   4  0  
 2 Justin Braun             Nick Seeler              50     1   4  0  

Penalty Kill - 3 Players Forward 
   Forward                                           Time % Phy DF OF 
 1 Travis Zajac                                      55     1   2  2  
 2 David Backes                                      45     1   2  2  

Penalty Kill - 3 Players Defense
   Defense                  Defense                  Time % Phy DF OF 
 1 Mike Green               Kris Russell             55     1   2  2  
 2 Justin Braun             Trevor Daley             45     1   2  2  

4 vs 4 Forward 
   Center                   Wing                     Time % Phy DF OF 
 1 David Krejci             Brad Marchand            51     1   2  2  
 2 Mika Zibanejad           Reyley Smith             49     1   2  2  

4 vs 4 Defense
   Defense                  Defense                  Time % Phy DF OF 
 1 Mike Green               Kris Russell             51     1   2  2  
 2 Justin Braun             Trevor Daley             49     1   2  2  

Last Minutes Offensive
   Center                   Left Wing                Right Wing               Defense                  Defense                  
   David Krejci             Brad Marchand            Reyley Smith             Mike Green               Kris Russell             

Last Minutes Defensive
   Center                   Left Wing                Right Wing               Defense                  Defense                  
   David Krejci             Brad Marchand            Reyley Smith             Justin Braun             Kris Russell             

Goaltenders
Starting : Sergei Bobrovsky         
Backup : Linus Ullmark            

Extra Forwards
Normal : Reyley Smith, Brad Marchand, David Krejci - PP : David Krejci, Brad Marchand - PK : Brad Marchand
Extra Defensemen
Normal : Mike Green, Nick Seeler, Justin Braun - PP : Justin Braun - PK : Nick Seeler, Justin Braun
Penalty Shots
Brad Marchand, David Krejci, Gustav Nyquist, Reyley Smith, Mika Zibanejad
Custom OT Lines Forwards
Brad Marchand, David Krejci, Brandon Tanev, Reyley Smith, Ilya Kovalchuk, Gustav Nyquist, Mika Zibanejad, David Backes, Travis Zajac, Matt Cullen
Custom OT Lines Defensemen
Mike Green, Kris Russell, Justin Braun, Trevor Daley, Nick Seeler

Scratches
Dominik Shine (Healthy), Griffin Reinhart (Healthy), Liam O'Brien (Healthy), Kale Kessy (Healthy), Olivier Archambault (Healthy)

% Time on Ice - COLORADO GLACIERCATS

Lines # - Real PCT - Wanted PCT - Time Play
Normal Forward
1 - 32% - 35% - 17:40
2 - 30% - 35% - 16:32
3 - 24% - 25% - 12:57
4 - 13% - 5% - 7:18
Normal Defense
1 - 38% - 40% - 20:55
2 - 37% - 38% - 20:00
3 - 25% - 22% - 13:32
4 - 0% - 0% - 0:00
PP Forward
1 - 53% - 60% - 2:05
2 - 47% - 40% - 1:53
PP Defense
1 - 71% - 55% - 2:49
2 - 29% - 45% - 1:09
PK Forward
1 - 43% - 50% - 0:30
2 - 57% - 50% - 0:40
PK Defense
1 - 57% - 55% - 0:40
2 - 43% - 45% - 0:30
PK3 Forward
1 - 0% - 55%
2 - 0% - 45%
PK3 Defense
1 - 0% - 50%
2 - 0% - 50%
44 Forward
1 - 0% - 50%
2 - 0% - 50%
44 Defense
1 - 0% - 50%
2 - 0% - 50%
Last Minute Offensive  - 0:25
Last Minute Defensive  - 0:00
Total
Forward - 60:00
Defense - 60:00

% Time on Ice - WINNIPEG BEAVERS

Lines # - Real PCT - Wanted PCT - Time Play
Normal Forward
1 - 34% - 33% - 18:25
2 - 32% - 31% - 17:41
3 - 25% - 26% - 13:52
4 - 9% - 10% - 4:54
Normal Defense
1 - 33% - 32% - 17:50
2 - 35% - 31% - 19:21
3 - 26% - 28% - 14:29
4 - 6% - 9% - 3:12
PP Forward
1 - 71% - 51% - 0:50
2 - 29% - 49% - 0:20
PP Defense
1 - 71% - 51% - 0:50
2 - 29% - 49% - 0:20
PK Forward
1 - 56% - 52% - 2:14
2 - 44% - 48% - 1:44
PK Defense
1 - 50% - 50% - 1:58
2 - 50% - 50% - 2:00
PK3 Forward
1 - 0% - 55%
2 - 0% - 45%
PK3 Defense
1 - 0% - 55%
2 - 0% - 45%
44 Forward
1 - 0% - 51%
2 - 0% - 49%
44 Defense
1 - 0% - 51%
2 - 0% - 49%
Last Minute Offensive  - 0:00
Last Minute Defensive  - 0:00
Total
Forward - 60:00
Defense - 60:00

Play-by-Play

1st period


0:01 of 1st period - Patrice Bergeron wins face-off versus David Krejci in neutral zone.
0:17 of 1st period - Icing by Kris Russell.
0:18 of 1st period - Jordan Staal wins face-off versus David Krejci in WINNIPEG BEAVERS zone.
1:00 of 1st period - Shot by Jordan Staal.
1:00 of 1st period - Stopped by Sergei Bobrovsky without a rebound.
1:01 of 1st period - Lucas Wallmark wins face-off versus Mika Zibanejad in WINNIPEG BEAVERS zone.
1:20 of 1st period - Shot by Lucas Wallmark.
1:20 of 1st period - Deflect By Paul Byron.
1:20 of 1st period - Shot Misses the Net.
1:26 of 1st period - Shot by Lucas Wallmark.
1:26 of 1st period - Shot Misses the Net.
1:51 of 1st period - Off-side.
1:52 of 1st period - Patrice Bergeron wins face-off versus Travis Zajac in neutral zone.
2:57 of 1st period - Shot by Troy Brouwer.
2:57 of 1st period - Shot Misses the Net.
4:33 of 1st period - Shot by Reyley Smith.
4:33 of 1st period - Deflect By Mika Zibanejad.
4:33 of 1st period - Shot Blocked by Shea Weber.
4:36 of 1st period - Icing by John Klingberg.
4:37 of 1st period - Jay Beagle wins face-off versus David Krejci in COLORADO GLACIERCATS zone.
4:37 of 1st period - Jay Beagle is hit by David Krejci.
4:40 of 1st period - Icing by John Klingberg.
4:41 of 1st period - Jay Beagle wins face-off versus Travis Zajac in COLORADO GLACIERCATS zone.
6:32 of 1st period - Shot by Brayden Schenn.
6:32 of 1st period - Deflect By Jordan Staal.
6:32 of 1st period - Shot Misses the Net.
7:02 of 1st period - Shot by Zach Aston-Reese.
7:02 of 1st period - Shot Blocked by Trevor Daley.
7:23 of 1st period - Shot by Paul Byron.
7:23 of 1st period - Shot Misses the Net.
7:25 of 1st period - Shot by John Klingberg.
7:25 of 1st period - Goal by John Klingberg - COLORADO GLACIERCATS : 1 - WINNIPEG BEAVERS : 0.
7:26 of 1st period - Jay Beagle wins face-off versus Mika Zibanejad in neutral zone.
8:00 of 1st period - Mika Zibanejad is hit by John Klingberg and loses puck.
9:01 of 1st period - Mark Giordano is hit by Brandon Tanev and loses puck.
9:45 of 1st period - Mike Green is hit by Ben Lovejoy and loses puck.
9:56 of 1st period - Minor Penalty to Kris Russell for Tripping.
9:57 of 1st period - Travis Zajac wins face-off versus Patrice Bergeron in WINNIPEG BEAVERS zone.
10:16 of 1st period - Shot by Patrice Bergeron.
10:16 of 1st period - Stopped by Sergei Bobrovsky without a rebound.
10:17 of 1st period - David Backes wins face-off versus Zach Aston-Reese in WINNIPEG BEAVERS zone.
10:52 of 1st period - Nick Seeler is hit by Paul Byron and loses puck.
12:06 of 1st period - Shot by Jay Beagle.
12:06 of 1st period - Shot Misses the Net.
12:20 of 1st period - Shot by Reyley Smith.
12:20 of 1st period - Deflect By Mika Zibanejad.
12:20 of 1st period - Goal by Mika Zibanejad - COLORADO GLACIERCATS : 1 - WINNIPEG BEAVERS : 1.
12:21 of 1st period - David Krejci wins face-off versus Lucas Wallmark in neutral zone.
12:25 of 1st period - Off-side.
12:26 of 1st period - David Krejci wins face-off versus Lucas Wallmark in neutral zone.
12:26 of 1st period - David Krejci is hit by Lucas Wallmark.
12:32 of 1st period - Shot by Brad Marchand.
12:32 of 1st period - Shot Misses the Net.
12:43 of 1st period - Icing by Mike Green.
12:44 of 1st period - Patrice Bergeron wins face-off versus David Krejci in WINNIPEG BEAVERS zone.
12:47 of 1st period - Shot by Patrice Bergeron.
12:47 of 1st period - Shot Misses the Net.
13:43 of 1st period - Mika Zibanejad is hit by Jordan Staal and loses puck.
13:49 of 1st period - Mika Zibanejad is hit by Zach Aston-Reese and loses puck.
14:23 of 1st period - Off-side.
14:24 of 1st period - Lucas Wallmark wins face-off versus Travis Zajac in neutral zone.
14:37 of 1st period - Shot by David Backes.
14:37 of 1st period - Stopped by Pekka Rinne with a rebound.
14:39 of 1st period - Shot by Travis Zajac.
14:39 of 1st period - Stopped by Pekka Rinne without a rebound.
14:40 of 1st period - Jay Beagle wins face-off versus David Krejci in COLORADO GLACIERCATS zone.
14:44 of 1st period - Icing by Shea Weber.
14:45 of 1st period - David Krejci wins face-off versus Ilya Lyubushkin in COLORADO GLACIERCATS zone.
14:49 of 1st period - Icing by Shea Weber.
14:50 of 1st period - Travis Zajac wins face-off versus Jay Beagle in COLORADO GLACIERCATS zone.
14:52 of 1st period - David Backes is hit by Shea Weber and loses puck.
15:31 of 1st period - Shot by Magnus Paajarvi-Svensson.
15:31 of 1st period - Shot Hit the Post.
16:51 of 1st period - Shot by Mika Zibanejad.
16:51 of 1st period - Stopped by Pekka Rinne without a rebound.
16:52 of 1st period - Mika Zibanejad wins face-off versus Patrice Bergeron in COLORADO GLACIERCATS zone.
17:01 of 1st period - Shot by Mika Zibanejad.
17:01 of 1st period - Deflect By Reyley Smith.
17:01 of 1st period - Shot Blocked by John Klingberg.
17:12 of 1st period - Shot by Reyley Smith.
17:12 of 1st period - Shot Misses the Net.
17:24 of 1st period - Shot by Reyley Smith.
17:24 of 1st period - Stopped by Pekka Rinne without a rebound.
17:25 of 1st period - Lucas Wallmark wins face-off versus Pontus Aberg in COLORADO GLACIERCATS zone.
17:30 of 1st period - Shot by Paul Byron.
17:30 of 1st period - Shot Misses the Net.
17:32 of 1st period - Shot by Ben Lovejoy.
17:32 of 1st period - Stopped by Sergei Bobrovsky without a rebound.
17:33 of 1st period - Lucas Wallmark wins face-off versus Brad Marchand in WINNIPEG BEAVERS zone.
17:43 of 1st period - Icing by Trevor Daley.
17:44 of 1st period - Patrice Bergeron wins face-off versus David Krejci in WINNIPEG BEAVERS zone.
19:29 of 1st period - Shot by Travis Zajac.
19:29 of 1st period - Stopped by Pekka Rinne without a rebound.
19:30 of 1st period - Jordan Staal wins face-off versus Travis Zajac in COLORADO GLACIERCATS zone.
19:45 of 1st period - Shot by Jordan Staal.
19:45 of 1st period - Shot Misses the Net.
19:47 of 1st period - Shot by Ben Lovejoy.
19:47 of 1st period - Stopped by Sergei Bobrovsky without a rebound.
19:48 of 1st period - Jay Beagle wins face-off versus David Krejci in WINNIPEG BEAVERS zone.
19:57 of 1st period - Shot by Magnus Paajarvi-Svensson.
19:57 of 1st period - Shot Misses the Net.
Goals for this period are 1 for COLORADO GLACIERCATS vs 1 for WINNIPEG BEAVERS.
Shots for this period are 5 for COLORADO GLACIERCATS vs 6 for WINNIPEG BEAVERS.

2nd period


0:01 of 2nd period - Jordan Staal wins face-off versus Mika Zibanejad in neutral zone.
0:21 of 2nd period - Icing by Kevan Miller.
0:22 of 2nd period - Lucas Wallmark wins face-off versus Mika Zibanejad in WINNIPEG BEAVERS zone.
0:39 of 2nd period - Shot by Reyley Smith.
0:39 of 2nd period - Stopped by Pekka Rinne without a rebound.
0:40 of 2nd period - Patrice Bergeron wins face-off versus Travis Zajac in COLORADO GLACIERCATS zone.
1:00 of 2nd period - Minor Penalty to Mark Giordano for Interference.
1:01 of 2nd period - Joe Pavelski wins face-off versus Brad Marchand in COLORADO GLACIERCATS zone.
1:40 of 2nd period - Off-side.
1:41 of 2nd period - Joe Pavelski wins face-off versus Gustav Nyquist in neutral zone.
1:41 of 2nd period - Shea Weber is hit by Brandon Tanev and loses puck.
2:00 of 2nd period - Shot by Gustav Nyquist.
2:00 of 2nd period - Stopped by Pekka Rinne without a rebound.
2:01 of 2nd period - David Krejci wins face-off versus Lucas Wallmark in COLORADO GLACIERCATS zone.
2:10 of 2nd period - Shot by David Krejci.
2:10 of 2nd period - Goal by David Krejci - COLORADO GLACIERCATS : 1 - WINNIPEG BEAVERS : 2.
2:11 of 2nd period - Travis Zajac wins face-off versus Lucas Wallmark in neutral zone.
2:11 of 2nd period - David Backes is hit by Zachary Sanford and loses puck.
2:34 of 2nd period - Shot by Lucas Wallmark.
2:34 of 2nd period - Shot Blocked by Nick Seeler.
2:36 of 2nd period - Shot by Ryan Ellis.
2:36 of 2nd period - Shot Misses the Net.
3:21 of 2nd period - Icing by Ryan Ellis.
3:22 of 2nd period - Mika Zibanejad wins face-off versus Lucas Wallmark in COLORADO GLACIERCATS zone.
3:33 of 2nd period - Shot by Mika Zibanejad.
3:33 of 2nd period - Shot Blocked by Ryan Ellis.
3:48 of 2nd period - Minor Penalty to Mika Zibanejad for Slashing.
3:49 of 2nd period - Travis Zajac wins face-off versus Patrice Bergeron in WINNIPEG BEAVERS zone.
5:03 of 2nd period - Shot by Jordan Staal.
5:03 of 2nd period - Deflect By Magnus Paajarvi-Svensson.
5:03 of 2nd period - Stopped by Sergei Bobrovsky without a rebound.
5:04 of 2nd period - Travis Zajac wins face-off versus Jordan Staal in WINNIPEG BEAVERS zone.
5:10 of 2nd period - Icing by Jordan Staal.
5:11 of 2nd period - Jordan Staal wins face-off versus Travis Zajac in COLORADO GLACIERCATS zone.
5:18 of 2nd period - Shot by Mark Giordano.
5:18 of 2nd period - Shot Misses the Net.
5:20 of 2nd period - Shot by Mark Giordano.
5:20 of 2nd period - Stopped by Sergei Bobrovsky with a rebound.
5:22 of 2nd period - Shot by John Klingberg.
5:22 of 2nd period - Stopped by Sergei Bobrovsky with a rebound.
5:24 of 2nd period - Shot by Mark Giordano.
5:24 of 2nd period - Shot Misses the Net.
6:12 of 2nd period - Shot by Joe Pavelski.
6:12 of 2nd period - Stopped by Sergei Bobrovsky without a rebound.
6:13 of 2nd period - Mika Zibanejad wins face-off versus Jay Beagle in WINNIPEG BEAVERS zone.
10:27 of 2nd period - Shot by Jay Beagle.
10:27 of 2nd period - Stopped by Sergei Bobrovsky without a rebound.
10:28 of 2nd period - Jordan Staal wins face-off versus David Krejci in WINNIPEG BEAVERS zone.
10:29 of 2nd period - Shot by Brayden Schenn.
10:29 of 2nd period - Stopped by Sergei Bobrovsky without a rebound.
10:30 of 2nd period - Patrice Bergeron wins face-off versus David Krejci in WINNIPEG BEAVERS zone.
10:55 of 2nd period - Shot by Brad Marchand.
10:55 of 2nd period - Shot Blocked by Daniel Girardi.
11:15 of 2nd period - Icing by Trevor Daley.
11:16 of 2nd period - David Krejci wins face-off versus Jordan Staal in WINNIPEG BEAVERS zone.
11:23 of 2nd period - Shot by Brayden Schenn.
11:23 of 2nd period - Stopped by Sergei Bobrovsky without a rebound.
11:24 of 2nd period - Ilya Kovalchuk wins face-off versus Jordan Staal in WINNIPEG BEAVERS zone.
11:42 of 2nd period - Shot by Jordan Staal.
11:42 of 2nd period - Stopped by Sergei Bobrovsky with a rebound.
11:44 of 2nd period - Shot by Jordan Staal.
11:44 of 2nd period - Deflect By Brayden Schenn.
11:44 of 2nd period - Stopped by Sergei Bobrovsky with a rebound.
11:46 of 2nd period - Shot by Jordan Staal.
11:46 of 2nd period - Stopped by Sergei Bobrovsky without a rebound.
11:47 of 2nd period - Lucas Wallmark wins face-off versus Travis Zajac in WINNIPEG BEAVERS zone.
11:57 of 2nd period - Icing by Kevan Miller.
11:58 of 2nd period - Patrice Bergeron wins face-off versus Travis Zajac in WINNIPEG BEAVERS zone.
12:25 of 2nd period - Shot by Patrice Bergeron.
12:25 of 2nd period - Stopped by Sergei Bobrovsky without a rebound.
12:26 of 2nd period - David Krejci wins face-off versus Brayden Schenn in WINNIPEG BEAVERS zone.
12:37 of 2nd period - Gustav Nyquist is hit by Jordan Staal.
12:38 of 2nd period - Icing by Gustav Nyquist.
12:39 of 2nd period - Lucas Wallmark wins face-off versus Brad Marchand in WINNIPEG BEAVERS zone.
13:22 of 2nd period - Brad Marchand is hit by Paul Byron and loses puck.
15:16 of 2nd period - Reyley Smith is hit by Carl Hagelin.
15:30 of 2nd period - Shot by Travis Zajac.
15:30 of 2nd period - Deflect By David Backes.
15:30 of 2nd period - Stopped by Pekka Rinne with a rebound.
15:34 of 2nd period - Shot by Travis Zajac.
15:34 of 2nd period - Shot Misses the Net.
16:00 of 2nd period - Shot by Brandon Tanev.
16:00 of 2nd period - Stopped by Pekka Rinne without a rebound.
16:01 of 2nd period - Matt Cullen wins face-off versus Lucas Wallmark in COLORADO GLACIERCATS zone.
16:14 of 2nd period - Shot by Lucas Wallmark.
16:14 of 2nd period - Shot Misses the Net.
16:16 of 2nd period - Shot by Shea Weber.
16:16 of 2nd period - Stopped by Sergei Bobrovsky with a rebound.
16:18 of 2nd period - Shot by Shea Weber.
16:18 of 2nd period - Shot Blocked by Kris Russell.
16:38 of 2nd period - Shot by Zachary Sanford.
16:38 of 2nd period - Stopped by Sergei Bobrovsky with a rebound.
16:40 of 2nd period - Shot by Lucas Wallmark.
16:40 of 2nd period - Shot Misses the Net.
16:42 of 2nd period - Shot by Lucas Wallmark.
16:42 of 2nd period - Shot Blocked by Troy Brouwer.
16:44 of 2nd period - Shot by Zachary Sanford.
16:44 of 2nd period - Shot Blocked by Matt Cullen.
17:22 of 2nd period - Shot by Reyley Smith.
17:22 of 2nd period - Stopped by Pekka Rinne with a rebound.
17:29 of 2nd period - Mark Giordano is hit by Reyley Smith and loses puck.
17:57 of 2nd period - Icing by Trevor Daley.
17:58 of 2nd period - Travis Zajac wins face-off versus Lucas Wallmark in WINNIPEG BEAVERS zone.
18:05 of 2nd period - Shot by Brandon Tanev.
18:05 of 2nd period - Shot Misses the Net.
18:59 of 2nd period - Mark Giordano is hit by David Backes and loses puck.
19:22 of 2nd period - Off-side.
19:23 of 2nd period - Mika Zibanejad wins face-off versus Jordan Staal in neutral zone.
Goals for this period are 0 for COLORADO GLACIERCATS vs 1 for WINNIPEG BEAVERS.
Shots for this period are 13 for COLORADO GLACIERCATS vs 6 for WINNIPEG BEAVERS.

3rd period


0:01 of 3rd period - Jordan Staal wins face-off versus David Krejci in neutral zone.
0:11 of 3rd period - Shot by Brayden Schenn.
0:11 of 3rd period - Shot Misses the Net.
0:13 of 3rd period - Shot by Shea Weber.
0:13 of 3rd period - Shot Misses the Net.
0:15 of 3rd period - Shot by Zach Aston-Reese.
0:15 of 3rd period - Shot Blocked by David Krejci.
0:17 of 3rd period - Shot by Brayden Schenn.
0:17 of 3rd period - Stopped by Sergei Bobrovsky without a rebound.
0:18 of 3rd period - Mika Zibanejad wins face-off versus Patrice Bergeron in WINNIPEG BEAVERS zone.
0:32 of 3rd period - Icing by Mark Giordano.
0:33 of 3rd period - David Krejci wins face-off versus Patrice Bergeron in COLORADO GLACIERCATS zone.
0:34 of 3rd period - Shot by Brad Marchand.
0:34 of 3rd period - Shot Misses the Net.
0:51 of 3rd period - Icing by Kevan Miller.
0:52 of 3rd period - David Krejci wins face-off versus Jordan Staal in WINNIPEG BEAVERS zone.
1:19 of 3rd period - Shot by Gustav Nyquist.
1:19 of 3rd period - Stopped by Pekka Rinne with a rebound.
1:22 of 3rd period - Icing by Shea Weber.
1:23 of 3rd period - Jordan Staal wins face-off versus Mika Zibanejad in COLORADO GLACIERCATS zone.
1:36 of 3rd period - Shot by Brayden Schenn.
1:36 of 3rd period - Stopped by Sergei Bobrovsky without a rebound.
1:37 of 3rd period - Patrice Bergeron wins face-off versus Travis Zajac in WINNIPEG BEAVERS zone.
2:23 of 3rd period - Shot by Joe Pavelski.
2:23 of 3rd period - Shot Blocked by Justin Braun.
2:42 of 3rd period - Brandon Tanev is hit by Lucas Wallmark and loses puck.
3:08 of 3rd period - Paul Byron is hit by Nick Seeler and loses puck.
3:40 of 3rd period - Brayden Schenn is hit by Nick Seeler and loses puck.
4:18 of 3rd period - Shot by Brad Marchand.
4:18 of 3rd period - Stopped by Pekka Rinne without a rebound.
4:19 of 3rd period - Patrice Bergeron wins face-off versus David Krejci in COLORADO GLACIERCATS zone.
4:50 of 3rd period - Carl Hagelin is hit by Brad Marchand and loses puck.
6:16 of 3rd period - Shot by Brayden Schenn.
6:16 of 3rd period - Shot Misses the Net.
7:18 of 3rd period - Shot by Travis Zajac.
7:18 of 3rd period - Shot Misses the Net.
7:20 of 3rd period - Shot by Travis Zajac.
7:20 of 3rd period - Stopped by Pekka Rinne with a rebound.
7:22 of 3rd period - Shot by Brandon Tanev.
7:22 of 3rd period - Shot Misses the Net.
7:42 of 3rd period - Shot by Reyley Smith.
7:42 of 3rd period - Shot Hit the Post.
7:55 of 3rd period - Shot by Mika Zibanejad.
7:55 of 3rd period - Stopped by Pekka Rinne without a rebound.
7:56 of 3rd period - Matt Cullen wins face-off versus Patrice Bergeron in COLORADO GLACIERCATS zone.
8:10 of 3rd period - Off-side.
8:11 of 3rd period - Lucas Wallmark wins face-off versus Mika Zibanejad in neutral zone.
8:13 of 3rd period - Off-side.
8:14 of 3rd period - Mika Zibanejad wins face-off versus Carl Hagelin in neutral zone.
8:25 of 3rd period - Mika Zibanejad is hit by Patrice Bergeron and loses puck.
8:34 of 3rd period - Icing by Ryan Ellis.
8:35 of 3rd period - Patrice Bergeron wins face-off versus Matt Cullen in COLORADO GLACIERCATS zone.
8:40 of 3rd period - Shot by Pontus Aberg.
8:40 of 3rd period - Stopped by Pekka Rinne with a rebound.
8:42 of 3rd period - Shot by Nick Seeler.
8:42 of 3rd period - Shot Blocked by Ryan Ellis.
9:12 of 3rd period - Shot by Joe Pavelski.
9:12 of 3rd period - Stopped by Sergei Bobrovsky without a rebound.
9:13 of 3rd period - Mika Zibanejad wins face-off versus Jordan Staal in WINNIPEG BEAVERS zone.
9:33 of 3rd period - Shot by Reyley Smith.
9:33 of 3rd period - Shot Blocked by Shea Weber.
9:35 of 3rd period - Shot by Reyley Smith.
9:35 of 3rd period - Stopped by Pekka Rinne without a rebound.
9:36 of 3rd period - Travis Zajac wins face-off versus Paul Byron in COLORADO GLACIERCATS zone.
9:45 of 3rd period - Ben Lovejoy is hit by Brandon Tanev and loses puck.
10:36 of 3rd period - Shot by Zach Aston-Reese.
10:36 of 3rd period - Stopped by Sergei Bobrovsky without a rebound.
10:37 of 3rd period - Patrice Bergeron wins face-off versus Mika Zibanejad in WINNIPEG BEAVERS zone.
10:50 of 3rd period - Shot by Patrice Bergeron.
10:50 of 3rd period - Stopped by Sergei Bobrovsky with a rebound.
10:55 of 3rd period - Icing by Kevan Miller.
10:56 of 3rd period - Mika Zibanejad wins face-off versus Jordan Staal in WINNIPEG BEAVERS zone.
10:56 of 3rd period - Mika Zibanejad is hit by Zach Aston-Reese.
12:53 of 3rd period - Shot by Pontus Aberg.
12:53 of 3rd period - Shot Hit the Post.
13:18 of 3rd period - Shot by Joe Pavelski.
13:18 of 3rd period - Stopped by Sergei Bobrovsky without a rebound.
13:19 of 3rd period - Mika Zibanejad wins face-off versus Lucas Wallmark in WINNIPEG BEAVERS zone.
13:19 of 3rd period - Mika Zibanejad is hit by Paul Byron.
13:33 of 3rd period - Daniel Girardi is hit by Mika Zibanejad.
13:40 of 3rd period - Icing by Ben Lovejoy.
13:41 of 3rd period - Lucas Wallmark wins face-off versus Gustav Nyquist in COLORADO GLACIERCATS zone.
14:03 of 3rd period - Shot by Paul Byron.
14:03 of 3rd period - Shot Misses the Net.
14:54 of 3rd period - Shot by Patrice Bergeron.
14:54 of 3rd period - Stopped by Sergei Bobrovsky without a rebound.
14:55 of 3rd period - Travis Zajac wins face-off versus Jay Beagle in WINNIPEG BEAVERS zone.
15:02 of 3rd period - Shot by Jay Beagle.
15:02 of 3rd period - Shot Misses the Net.
15:21 of 3rd period - Icing by Nick Seeler.
15:22 of 3rd period - Jordan Staal wins face-off versus Travis Zajac in WINNIPEG BEAVERS zone.
15:39 of 3rd period - Shot by Brayden Schenn.
15:39 of 3rd period - Stopped by Sergei Bobrovsky without a rebound.
15:40 of 3rd period - Mika Zibanejad wins face-off versus Patrice Bergeron in WINNIPEG BEAVERS zone.
17:02 of 3rd period - Icing by Justin Braun.
17:03 of 3rd period - David Krejci wins face-off versus Jordan Staal in WINNIPEG BEAVERS zone.
17:07 of 3rd period - Brad Marchand is hit by Zach Aston-Reese and loses puck.
17:21 of 3rd period - Shot by David Krejci.
17:21 of 3rd period - Stopped by Pekka Rinne without a rebound.
17:22 of 3rd period - Lucas Wallmark wins face-off versus Brandon Tanev in COLORADO GLACIERCATS zone.
18:41 of 3rd period - Reyley Smith is hit by Ryan Ellis and loses puck.
18:50 of 3rd period - COLORADO GLACIERCATS, Pekka Rinne is pulled from the net.
19:18 of 3rd period - Patrice Bergeron is hit by Kris Russell and loses puck.
19:25 of 3rd period - Shot by Joe Pavelski.
19:25 of 3rd period - Shot Misses the Net.
19:27 of 3rd period - Shot by Patrice Bergeron.
19:27 of 3rd period - Shot Blocked by Kris Russell.
19:29 of 3rd period - Shot by Magnus Paajarvi-Svensson.
19:29 of 3rd period - Shot Misses the Net.
19:31 of 3rd period - Shot by Patrice Bergeron.
19:31 of 3rd period - Shot Misses the Net.
19:33 of 3rd period - Shot by Joe Pavelski.
19:33 of 3rd period - Goal by Joe Pavelski - COLORADO GLACIERCATS : 2 - WINNIPEG BEAVERS : 2.
19:33 of 3rd period - Pekka Rinne from COLORADO GLACIERCATS was sent back in the game.
19:34 of 3rd period - David Krejci wins face-off versus Patrice Bergeron in neutral zone.
19:34 of 3rd period - David Krejci is hit by Joe Pavelski.
19:38 of 3rd period - Patrice Bergeron is hit by Brad Marchand and loses puck.
Goals for this period are 1 for COLORADO GLACIERCATS vs 0 for WINNIPEG BEAVERS.
Shots for this period are 9 for COLORADO GLACIERCATS vs 7 for WINNIPEG BEAVERS.

Overtime #1


0:01 of 1st overtime period - Patrice Bergeron wins face-off versus David Krejci in neutral zone.
1:22 of 1st overtime period - Shot by Brandon Tanev.
1:22 of 1st overtime period - Stopped by Pekka Rinne without a rebound.
1:23 of 1st overtime period - Jordan Staal wins face-off versus Reyley Smith in COLORADO GLACIERCATS zone.
1:32 of 1st overtime period - Shot by Jordan Staal.
1:32 of 1st overtime period - Stopped by Sergei Bobrovsky without a rebound.
1:33 of 1st overtime period - Patrice Bergeron wins face-off versus Reyley Smith in WINNIPEG BEAVERS zone.
1:38 of 1st overtime period - Shot by Joe Pavelski.
1:38 of 1st overtime period - Shot Misses the Net.
1:40 of 1st overtime period - Shot by Patrice Bergeron.
1:40 of 1st overtime period - Shot Misses the Net.
1:54 of 1st overtime period - Shot by Joe Pavelski.
1:54 of 1st overtime period - Shot Misses the Net.
2:36 of 1st overtime period - Shot by Brad Marchand.
2:36 of 1st overtime period - Goal by Brad Marchand - COLORADO GLACIERCATS : 2 - WINNIPEG BEAVERS : 3.
Goals for this period are 0 for COLORADO GLACIERCATS vs 1 for WINNIPEG BEAVERS.
Shots for this period are 1 for COLORADO GLACIERCATS vs 2 for WINNIPEG BEAVERS.


SCOTT
LAUGHTON
IGOR
SHESTERKIN
ALEX
TUCH

EAST COAST

HOCKEY LEAGUE

  • 9.CHI2QUE6
  • 10.LIM2CHA3
  • 11.LON6TRV4
  • 12.BAL3CHW2
  • 13.MANPIT
  • 14.NHWATL
  • 15.PETWOR
  • 16.RHI